[Event "55th Biel Festival ATO 2022"]
[Site "Biel"]
[Date "2022.07.22"]
[Round "9.4"]
[White "Abdulrahim, Salem"]
[Black "Arndt Uwe"]
[Result "1-0"]
[ECO "C06"]
[WhiteElo "1662"]
[BlackElo "1964"]
[Annotator "TA"]
[PlyCount "177"]
[EventDate "2022.07.13"]
[EventType "swiss"]
[EventCountry "SUI"]
[SourceTitle "playchess.com"]
[Source "ChessBase"]
[SourceQuality "1"]
[TimeControl "40/5400+30:1800+30"]

1. e4 e6 2. d4 d5 3. Nd2 Be7 4. Bd3 Nf6 5. e5 Nfd7 6. Ne2 c5 7. c3 Nc6 8. O-O cxd4 9. cxd4 Nb4 {[%emt 0:03:03] C06: French Tarrasch: 3...Nf6 4 e5 Nfd7 5 Bd3 main lines.} 10. Bb1 Nb6 11. Nf3 Bd7 {[%emt 0:01:40] White is slightly better.} 12. b3 {[%emt 0:05:05] [#]} ({Better is} 12. a3 $16 Nc6 13. Bd3) 12... Bb5 $146 ({Predecessor:} 12... a5 13. a3 Na6 14. a4 Nb4 15. Nc3 Nc8 16. Ne1 f5 17. exf6 Bxf6 18. Nf3 O-O {½-½ (32) Black,R (2254)-Knott,S (2351) Birmingham 2000}) 13. Ba3 Rc8 14. Qd2 a5 15. Re1 Nd7 16. Qf4 ({White should try} 16. Nf4 $14) 16... g5 $1 $15 17. Qe3 h5 (17... g4 $15 18. Nd2 Bg5) 18. Nc3 Ba6 19. Bxb4 (19. Rd1 $11 {was preferrable.}) 19... Bxb4 20. Rc1 g4 21. Ne1 Rc6 22. a3 Be7 {[%emt 0:01:03] White must now prevent ...Bg5.} 23. f4 {[%emt 0:00:04] Prevents Bg5.} gxf3 24. Nxf3 Qc8 (24... Bf8 $1 $17 {[%cal Rf8h6] ...Bh6 is the strong threat.} 25. Ne2 Bh6) 25. Ne2 Bxe2 26. Rxc6 Qxc6 27. Qxe2 Bxa3 28. Qf1 Bb4 29. Bd3 {[%emt 0:03:43] And now Rc1 would win.} Rf8 (29... Qb6 $5 30. Kh1 Kd8 $11) 30. Rc1 (30. Bb5 $5 Qb6 31. Qd3 $11) 30... Qb6 31. Rc8+ Ke7 32. Rxf8 Kxf8 33. Ng5 ({Don't go for} 33. Qc1 $2 Nxe5 $1 34. Nxe5 Qxd4+ 35. Kf1 Qxe5 $19) (33. Kh1 $1 $11 {might be stronger.}) 33... Nxe5 (33... Qxd4+ $2 34. Kh1 Nxe5 35. Nxe6+ Kg8 36. Nxd4 $18) (33... f6 $1 $17 34. Qf4 Bc3) 34. Kh1 $11 Be7 35. Nh7+ $40 {[%emt 0:03:33][%mdl 128] White has some attack.} Kg7 36. dxe5 Qe3 37. Nf6 Qxe5 38. Ne8+ Kf8 39. Bg6 $1 f6 ({Don't play} 39... Kxe8 40. Qxf7+ Kd8 41. Qe8+ Kc7 42. Qxe7+ Kb6 43. h4 $16 (43. Qd8+ Kb5 $16)) 40. Qc1 {[%emt 0:00:35] White threatens Qh6+ and mate.} Qg5 {[%emt 0:00:40] Against Qh6+} (40... Kg8 $11) 41. Qxg5 $16 {[%emt 0:30:27] White is more active.} fxg5 42. Bxh5 Bc5 (42... Ba3 $142) 43. Nc7 $1 Ke7 44. Bg4 Be3 45. Nxe6 Kd6 {[%emt 0:00:57] [#]} 46. g3 ({White should play} 46. Ng7 $1 $16 {[%cal Rg7f5] Hoping for Nf5+.} Kc5 47. Nf5) 46... b5 $1 $14 47. Ng7 $1 {[%emt 0:00:00] aiming for Nf5+.} Kc5 {[%emt 0:00:00] White stays focused until the end.} 48. Nf5 Bc1 {[%emt 0:00:00] [#]} (48... d4 $14 49. Bh5 Kb4) 49. Bd1 $1 $18 Bb2 (49... g4 $142 50. Kg2 (50. Bxg4 a4 $16) 50... Bb2) 50. Kg2 Kb4 51. Ne7 a4 $2 (51... d4 52. Nc6+ Kc3 53. Nxa5 Kd2) 52. bxa4 bxa4 53. Nxd5+ Kc5 54. Ne3 Bc1 55. Kf3 Kd4 56. Nf5+ Ke5 57. Kg4 a3 58. Bb3 Bd2 59. Nh6 Kf6 60. Nf7 Bc1 61. Nd6 Kg6 62. Bc2+ Kf6 63. Bb1 Ke5 64. Nb5 Kf6 65. Nc3 Ke5 66. Nb5 Kf6 $1 67. h3 Ke6 68. Nd4+ Ke5 69. Nf3+ Kf6 70. Kh5 Be3 71. Nh2 {[%emt 0:00:34] Ng4+ would kill now.} Bc1 72. Ng4+ Kg7 73. Ne5 Kf6 74. Nc4 Kg7 75. Kg4 Kf6 76. Kf3 Ke6 77. Ke2 {[%emt 0:00:49] White wants to mate with Kd1.} Kd5 {[%emt 0:00:00] [#]} 78. Kd1 $1 {[%emt 0:01:48] White mates.} g4 (78... Kxc4 79. Kxc1) 79. Kxc1 gxh3 80. Ne3+ Kd4 81. Nf1 Kc3 82. Ba2 Kd3 83. Kd1 Kd4 84. Kd2 Ke4 85. Ke2 Kf5 86. Kf3 Kg5 87. Nh2 Kh5 88. Kf4 Kg6 89. Kg4 {[%emt 0:00:08] Weighted Error Value: White=0.15 (very precise) /Black=0.32} 1-0

[Event "55th Biel Festival ATO 2022"]
[Site "Biel"]
[Date "2022.07.22"]
[Round "9.5"]
[White "Klein Ethan"]
[Black "Mirski, Michal"]
[Result "0-1"]
[ECO "B06"]
[WhiteElo "1952"]
[BlackElo "1868"]
[Annotator "TA"]
[PlyCount "112"]
[EventDate "2022.07.13"]
[EventType "swiss"]
[EventCountry "SUI"]
[SourceTitle "playchess.com"]
[Source "ChessBase"]
[SourceQuality "1"]
[TimeControl "40/5400+30:1800+30"]

1. d4 {[%emt 0:00:07] Finkel,A} d6 2. e4 g6 3. Nc3 Bg7 4. Be3 a6 5. h4 b5 {[%emt 0:03:09] [#]} 6. h5 $1 {[%emt 0:05:31] B06: Modern Defence.} Bb7 7. Bd3 (7. a3 $16) 7... Nd7 $14 8. Nf3 {[%emt 0:11:56] White is slightly better.} c5 {[%emt 0:03:18] [#]} 9. e5 $146 {[%emt 0:24:23] Prevents Ngf6.} (9. Qd2 $14 {stays ahead.}) ({Predecessor:} 9. h6 Bxd4 10. Nxd4 cxd4 11. Bxd4 Ngf6 12. a3 O-O 13. Qd2 e5 14. Be3 Rc8 15. O-O-O {½-½ (34) Bruzon Batista,L (2584)-Franco Ocampos,Z (2482) Linares 2001 CBM 081 [Finkel,A]}) 9... cxd4 $17 10. e6 (10. Nxd4 $17 dxe5 11. Nb3) 10... dxe3 $19 (10... dxc3 11. exf7+ Kxf7 12. hxg6+ Kf8 13. Ng5) 11. exf7+ Kxf7 12. hxg6+ Ke8 (12... hxg6 13. Ng5+ Kf8 14. Ne6+ Kf7 15. Nxd8+ Rxd8 16. Rxh8 Bxh8 17. Qg4 Bxc3+ 18. bxc3 exf2+ 19. Kxf2 $18) 13. gxh7 {[%emt 0:02:45] Bg6+ is the strong threat.} exf2+ (13... Qa5 $142 14. fxe3 Bxc3+ 15. bxc3 Qxc3+ 16. Ke2 Ngf6 17. Bg6+ Kf8) 14. Kf1 Nf8 (14... Qc8 $19 15. Ng5 Ne5 16. hxg8=Q+ Rxg8) 15. hxg8=Q $15 Rxg8 16. Ng5 (16. Be4 $15 Bxe4 17. Nxe4) 16... Bf6 {[%emt 0:03:15] A strong pair of Bishops.} (16... Bxc3 $19 17. Qh5+ Kd7 18. bxc3 Qb6) 17. Qh5+ ({White should play} 17. Be4 $15 Qc7 18. Bxb7 Qxb7 19. Nge4) 17... Kd7 $17 18. Nge4 (18. Nce4 $17 {was called for.} Bxg5 19. Nxg5) 18... Be5 (18... Bxc3 $19 {and Black stays clearly on top.} 19. bxc3 Ne6) 19. Rd1 (19. Nc5+ $17 {was the only defense.} dxc5 20. Qxe5 Bxg2+ 21. Kxf2 Bxh1 22. Rd1 (22. Rxh1 Kc8 $17)) 19... Kc7 $19 {[%emt 0:00:28] And now ...Qd7 would win.} (19... Ne6 20. Qf5 Bxc3 21. bxc3 $15) 20. Qf7 {[%emt 0:00:30] [#]} Nd7 {[%emt 0:00:35] Dancing on a razor blade.} (20... Rg7 $1 $19 21. Qb3 Nd7) 21. Nd5+ $17 Bxd5 22. Qxd5 Nb6 ({Not} 22... Bxb2 23. Rh7 Nb6 24. Qf7 $15) 23. Qe6 Qd7 24. Qxd7+ (24. Nc5 $1 $15 Qxe6 25. Nxe6+ Kd7 26. Bf5) 24... Nxd7 25. Rh7 Rh8 $36 {[%emt 0:00:55][%mdl 2048] Black has some pressure. Black is more active.} (25... d5 $5 26. Nxf2 Rae8 $17) 26. Rxh8 (26. Rxe7 $15 Rh1+ 27. Ke2 Rxd1 28. Kxd1) 26... Rxh8 ({Inferior is} 26... Bxh8 27. c3 $15) 27. Kxf2 (27. c3 $142) 27... Bxb2 28. g4 Bd4+ 29. Kg3 Be5+ 30. Kg2 Rg8 {[%emt 0:01:15] Against Ng5} 31. Kf3 (31. Nf2 $142) 31... Rf8+ 32. Kg2 (32. Ke3 {was worth a try.}) 32... Rf4 $19 33. Kh3 Nf8 34. Rf1 Ne6 35. Kh4 Bf6+ (35... d5 $19 {is more deadly.} 36. Rxf4 Bxf4) 36. Nxf6 Rxf6 (36... exf6 $17 37. Re1 Nc5) 37. Rxf6 {[%emt 0:00:33] White is now going downhill.} (37. g5 $11 {and White stays safe.} Rxf1 38. Bxf1) 37... exf6 $17 {[%emt 0:00:03][%mdl 4096] Endgame KB-KN} 38. Kh5 $2 (38. Kg3 $19) 38... Nf4+ {[%emt 0:00:32] Black mates.} 39. Kh6 Nxd3 40. cxd3 {[%emt 0:00:04] KP-KP} Kd7 41. Kg6 Ke6 42. d4 d5 43. g5 fxg5 44. Kxg5 {[%emt 0:00:02] K3P-KPP} a5 45. Kf4 Kf6 46. Ke3 Kg5 47. Kf3 Kf5 48. Ke3 Kg4 49. a3 Kg3 50. Ke2 Kf4 51. Kd3 Kf3 52. Kd2 Ke4 53. Kc3 Ke3 54. a4 bxa4 55. Kb2 Kxd4 56. Ka3 Kc3 {[%emt 0:00:00] Weighted Error Value: White=0.38/Black=0.26 (precise)} 0-1

[Event "55th Biel Festival ATO 2022"]
[Site "Biel"]
[Date "2022.07.22"]
[Round "9.6"]
[White "Forney, Robert"]
[Black "Hamad Bader"]
[Result "1/2-1/2"]
[ECO "B33"]
[WhiteElo "1828"]
[BlackElo "1918"]
[Annotator "TA"]
[PlyCount "121"]
[EventDate "2022.07.13"]
[EventType "swiss"]
[EventCountry "SUI"]
[SourceTitle "playchess.com"]
[Source "ChessBase"]
[SourceQuality "1"]
[TimeControl "40/5400+30:1800+30"]

1. e4 c5 2. Nf3 e6 3. d4 cxd4 4. Nxd4 Nf6 5. Nc3 Nc6 6. Ndb5 d6 7. Bf4 e5 8. Bg5 a6 9. Na3 b5 10. Nd5 Be7 11. Bxf6 Bxf6 12. c3 Ne7 13. Nc2 Bb7 14. Nce3 Bg5 15. Nxe7 {[%emt 0:07:21] [#] Threatens to win with N7f5. B33: Sicilian: Pelikan and Sveshnikov Variations.} Qxe7 (15... Bxe3 $11 {remains equal.} 16. Nf5 Bc5) 16. Nf5 $16 Qd7 17. Nxd6+ {[%emt 0:02:50] White is better.} Kf8 18. Nxb7 Qxb7 19. Qd6+ Qe7 20. Rd1 Rd8 21. Qxd8+ ({Reject} 21. Qxa6 $6 Rxd1+ 22. Kxd1 Qd7+ 23. Kc2 Qd2+ 24. Kb3 Qd1+ 25. Kb4 g6 26. Qxb5 Be7+ 27. Ka5 Bd8+ 28. Kb4 Be7+ 29. Ka5 Bd8+ 30. Kb4 Be7+ $11) 21... Qxd8 22. Rxd8+ Bxd8 {[%emt 0:00:02][%mdl 4096] [#] Endgame KRB-KRB} 23. a4 $146 ({Predecessor:} 23. Bd3 Bg5 24. Ke2 Ke7 25. Rd1 g6 26. Bc2 Rd8 27. Rxd8 Kxd8 28. Kd3 Kd7 29. c4 f5 30. cxb5 axb5 31. exf5 gxf5 {½-½ (44) Grosse,C (1408)-Adaszewski,P (1600) Leutersdorf 2006}) 23... bxa4 24. Bxa6 h5 25. Ke2 Rh6 26. Bb5 Rb6 27. c4 ({Of course not} 27. Bxa4 $6 Rxb2+ 28. Kf3 Bb6 $11) 27... Be7 28. Ra1 a3 29. bxa3 Bc5 30. a4 Ke7 31. a5 Rb7 (31... Rb8 $142 32. a6 Bd4) 32. a6 Ra7 33. Bc6 {[%emt 0:00:09] And now Bb7 would win.} Rc7 34. Bd5 Ba7 35. Rb1 Kd6 36. Rb5 g5 37. f3 f6 38. h3 h4 (38... Rc5 {might work better.} 39. Rb7 Rc7) 39. Kd3 $18 {[%emt 0:00:05] [#] Kc3 is the strong threat.} Rg7 $2 (39... Rc5 {is tougher.} 40. Rb7 Rc7) 40. Kc3 Re7 41. Kb4 Rc7 {[%emt 0:34:11] Inhibits c5+.} 42. Bb7 $2 (42. Kb3 $18 {has better winning chances.}) 42... Rc5 $16 43. Bd5 (43. Kc3 $16) 43... Rxb5+ (43... Rc7 $1 $11 44. Rb7 Bg1) 44. Kxb5 $11 {[%emt 0:03:18] KB-KB} ({White should try} 44. cxb5 Bd4 45. Bb7) 44... Bd4 $16 45. Bf7 Ba7 46. Bg6 Bd4 47. Bf5 Ba7 48. Bg4 Bd4 49. a7 (49. Bc8 $16) 49... Bxa7 $11 50. Ka6 Be3 51. Kb7 Kc5 52. Be6 Kd6 $1 53. Bd5 Kd7 54. Bc6+ Kd6 55. Bb5 Bd4 56. Kc8 Bb6 $1 {[%emt 0:00:17] The position is equal.} 57. Be8 Kc5 58. Kd7 Kxc4 59. Ke7 Be3 60. Kxf6 Bf4 61. Bh5 {[%emt 0:08:40] Blacks defense is rewarded with a draw.  Weighted Error Value: White=0.20 (precise) /Black=0.29 (precise)} 1/2-1/2

[Event "55th Biel Festival ATO 2022"]
[Site "Biel"]
[Date "2022.07.22"]
[Round "9.7"]
[White "Wiesmann, Dominique"]
[Black "Sala, Matteo"]
[Result "1/2-1/2"]
[ECO "D26"]
[WhiteElo "1914"]
[BlackElo "1708"]
[Annotator "TA"]
[PlyCount "65"]
[EventDate "2022.07.13"]
[EventType "swiss"]
[EventCountry "SUI"]
[SourceTitle "playchess.com"]
[Source "ChessBase"]
[SourceQuality "1"]
[TimeControl "40/5400+30:1800+30"]

1. Nf3 c5 2. e3 Nf6 3. d4 cxd4 4. exd4 d5 5. c4 dxc4 6. Bxc4 e6 7. Nc3 Nbd7 {[%emt 0:02:27] D26: Queen's Gambit Accepted: 4 e3 e6 5 Bxc5 c5 sidelines.} 8. d5 {[%emt 0:04:48] White is more active.} exd5 9. Nxd5 Nxd5 10. Qxd5 {[%emt 0:00:23][%csl Gc4][%cal Rd5f7] [#]} Bb4+ $1 11. Bd2 Qe7+ {[%emt 0:01:51] [#]} 12. Be2 $146 ({Predecessor:} 12. Kd1 Bxd2 13. Qxd2 O-O 14. Re1 Qf6 15. Re3 Nb6 16. Bb3 Bf5 17. Ke1 {½-½ (34) Miret Montane,J (2155)-Castany Pampalona,A (2010) Spain 1997}) 12... O-O 13. Bxb4 Qxb4+ 14. Qd2 Qxd2+ 15. Nxd2 Re8 16. f3 b6 17. Ne4 f5 18. Nd6 Re6 (18... Re5 $14 19. Kf2 Nf6) 19. Nxc8 (19. Nxf5 $16 Ba6 20. Nd4) 19... Rxc8 $11 20. Rd1 Ne5 {[%emt 0:12:27] aiming for ...Rc2.} (20... Rc2 $5 21. Rd2 Rc1+ 22. Rd1 Rc7 $11) 21. O-O Rc2 22. Rfe1 {[%emt 0:00:10] Hoping for Bd3.} Kf7 $36 {[%emt 0:06:50][%mdl 2048] Black fights for an advantage.} (22... Rxb2 $2 {[#]} 23. Bc4 $1 Nxc4 24. Rxe6 $18) 23. b4 Ke7 (23... Rxa2 $2 24. f4 Ra4 25. fxe5 Rxe5 26. b5 $18) 24. f4 Nc6 (24... Ng6 $11 25. Bd3 Rc7) 25. Bd3 $16 Rb2 26. b5 (26. Bxf5 $16 Rxe1+ 27. Rxe1+ Kf6 28. Bxh7) 26... Nd4 $11 27. Rxe6+ Nxe6 {[%emt 0:00:19][%mdl 4096] Endgame KRB-KRN} 28. g3 (28. Bxf5 $11 Nxf4 29. g3) 28... g6 ({But not} 28... Rxa2 29. Re1 Rd2 30. Bxf5 $16) (28... Nd4 $17 {next ...Nf3+ is good for Black.} 29. Rc1 Rd2) 29. Bc4 {[%emt 0:03:25] And now Re1 would win. The position is equal.} Nc7 30. Re1+ Kf6 31. Rd1 {[%emt 0:02:07] Threatens to win with Rd7.} Ke7 {[%emt 0:00:40] Prevents Rd7+.} 32. Re1+ Kf6 33. Rd1 {[%emt 0:03:35] Weighted Error Value: White=0.19 (very precise) /Black=0.20 (precise)} 1/2-1/2

[Event "55th Biel Festival ATO 2022"]
[Site "Biel"]
[Date "2022.07.22"]
[Round "9.8"]
[White "Wenger, Arejou"]
[Black "Thode Gilda"]
[Result "1-0"]
[ECO "C06"]
[WhiteElo "1797"]
[BlackElo "1951"]
[Annotator "TA"]
[PlyCount "51"]
[EventDate "2022.07.13"]
[EventType "swiss"]
[EventCountry "SUI"]
[SourceTitle "playchess.com"]
[Source "ChessBase"]
[SourceQuality "1"]
[TimeControl "40/5400+30:1800+30"]

1. e4 e6 2. d4 d5 3. Nd2 Nf6 4. e5 Nfd7 5. Bd3 c5 6. c3 Nc6 7. Ne2 cxd4 8. cxd4 f6 9. Nf4 Nxd4 10. Qh5+ Ke7 11. exf6+ Nxf6 12. Ng6+ hxg6 13. Qxh8 Kf7 14. O-O e5 15. Nf3 Nxf3+ {[%emt 0:01:06] C06: French Tarrasch: 3...Nf6 4 e5 Nfd7 5 Bd3 main lines.} 16. gxf3 Bf5 17. Bxf5 gxf5 {[%emt 0:00:09] White is slightly better.} 18. Bg5 Qb6 (18... Bc5 $11 {remains equal.} 19. Qh3 Qd7) 19. Rac1 Rd8 20. Bxf6 Kxf6 {[%emt 0:03:04] [#]} 21. Kh1 $146 {[%emt 0:04:06] Hoping for Rg1.} ({Predecessor:} 21. Rc2 d4 22. Rd1 Be7 23. Qh4+ Ke6 24. Qg3 Bf6 25. Rcd2 Qa6 26. f4 e4 27. Qb3+ {0-1 (43) Guzman,A (1727)-Saldano Dayer,H (2404) Neuquen 2022}) 21... Be7 {[%emt 0:02:03] [#]} 22. Qh7 {[%emt 0:09:08] And now Rg1 would win.} Qxb2 $2 {[%emt 0:01:41][%mdl 8192] This costs Black the game.} (22... Ke6 $16) 23. Rg1 $18 Ke6 24. Rc7 {[%emt 0:10:42] Intending Rg6+ and mate.} Qxf2 25. Rg6+ ({Worse is} 25. Qg6+ Bf6 $11) 25... Bf6 {[%emt 0:00:30] [#]} 26. Rxf6+ $1 {[%emt 0:00:07][%mdl 576] Discovered Attack, Remove Defender.  Weighted Error Value: White=0.02 (flawless) /Black=1.18} 1-0